 Dungeon Crawl Stone Soup version 0.21.0-22-g11d5b52 (webtiles) character file.

116 Monsterracer the Caller (level 5, -1/31 HPs)
             Began as a Gargoyle Summoner on Jan 18, 2018.
             Was an Initiate of Okawaru.
             Slain by a killer bee (4 damage)
             ... on level 3 of the Dungeon.
             The game lasted 00:04:39 (3069 turns).

Monsterracer the Caller (Gargoyle Summoner)         Turns: 3069, Time: 00:04:39

Health: -1/31      AC:  6    Str: 11 (12) XL:     5   Next: 0%
Magic:  0/8        EV: 17    Int: 15 (16) God:    Okawaru [......]
Gold:   200        SH:  0    Dex: 12 (15) Spells: 2/8 levels left

rFire    + . .     SeeInvis +   s - +0 mace
rCold    + . .     Gourm    .   (no shield)
rNeg     + + .     Faith    .   a - +0 robe
rPois    ∞         Spirit   .   (no helmet)
rElec    +         Reflect  .   j - scarf {rC+ rF+}
rCorr    .         Harm     .   (no gloves)
MR       .....                  (no boots)
Stlth    +++.......             (no amulet)
HPRegen  0.10/turn              k - ring of see invisible
MPRegen  0.11/turn              o - ring of positive energy {!d}

@: agile, very slightly contaminated
A: negative energy resistance 1, electricity resistance, unbreathing,
petrification resistance, rot immunity, AC +4
a: Renounce Religion


You were on level 3 of the Dungeon.
You worshipped Okawaru.
Okawaru was noncommittal.
You were hungry.

You visited 1 branch of the dungeon, and saw 3 of its levels.

You collected 200 gold pieces.

Inventory:

Hand Weapons
 s - a +0 mace (weapon)
Armour
 a - a +0 robe (worn)
 j - a scarf of resistance (worn)
 l - a +0 ring mail
Jewellery
 k - a ring of see invisible (left hand)
 o - a ring of positive energy (right hand) {!d}
Scrolls
 d - a scroll of enchant armour {unknown}
 e - a scroll of fear {unknown}
 g - 2 scrolls of amnesia {unknown}
 i - a scroll of random uselessness {unknown}
 m - a scroll of identify {unknown}
 p - 2 scrolls of remove curse {unknown}
 r - a scroll of immolation {unknown}
Potions
 f - 5 potions of curing
 h - a potion of agility
Books
 b - a book of Callings

   Spells                             Type                      Level
   a - Summon Small Mammal            Summoning                    1
   b - Call Imp                       Summoning                    2
   c - Call Canine Familiar           Summoning                    3
   d - Summon Guardian Golem          Hexes/Summoning              3
   e - Summon Lightning Spire         Summoning/Air                4
   f - Summon Ice Beast               Ice/Summoning                4
 v - a book of Minor Magic

   Spells                             Type                      Level
   a - Magic Dart                     Conjuration                  1
   b - Blink                          Translocation                2
   c - Call Imp                       Summoning                    2
   d - Slow                           Hexes                        2
   e - Conjure Flame                  Conjuration/Fire             3
   f - Mephitic Cloud                 Conjuration/Poison/Air       3
Comestibles
 c - 7 rations


   Skills:
 + Level 2.6 Fighting
 * Level 3.3 Maces & Flails
 - Level 1.5 Dodging
 - Level 2.1 Stealth
 - Level 2.0 Spellcasting
 + Level 3.7 Summonings


You had 2 spell levels left.
You knew the following spells:

 Your Spells              Type           Power        Failure   Level  Hunger
a - Summon Small Mammal   Summ           ##..         4%          1    #......
b - Call Imp              Summ           ##......     7%          2    ###....
c - Call Canine Familiar  Summ           ##......     14%         3    ###....


Dungeon Overview and Level Annotations

Branches:
Dungeon (3/15)

Altars:
Okawaru


Innate Abilities, Weirdness & Mutations

You are resistant to torment.
Your stone body is resilient. (AC +4)
You are immune to poison.
You resist negative energy. (rN+)
You are resistant to electric shocks. (rElec)
You can survive without breathing.
You are immune to petrification.
You are immune to rotting.


Message History

Your white imp gestures at the killer bee.
The puff of frost hits the killer bee.
The killer bee stings your white imp. The killer bee closely misses you.
You now have 0/8 mp.
Unknown command.
The killer bee stings your white imp but does no damage.
The killer bee misses you.
Your crimson imp blinks!
The killer bee stings you but does no damage.
The killer bee closely misses your white imp.
The killer bee stings your white imp but does no damage.
Your white imp misses the killer bee.
The killer bee completely misses you. The killer bee stings your white imp.
The killer bee stings your white imp.
Your white imp dies!
Your crimson imp closely misses the killer bee.
Your crimson imp misses the killer bee.
Your crimson imp hits the killer bee.
The killer bee stings your crimson imp but does no damage.
Your crimson imp barely misses the killer bee.
The killer bee stings your crimson imp. x2
Your crimson imp is poisoned.
The killer bee poisons your crimson imp!
The killer bee misses your crimson imp. The killer bee stings your crimson imp.
Your crimson imp barely misses the killer bee.
The killer bee stings your crimson imp but does no damage.
The killer bee closely misses your crimson imp.
The killer bee barely misses your crimson imp.
The killer bee misses your crimson imp.
Your crimson imp barely misses the killer bee.
The killer bee stings your crimson imp but does no damage.
The killer bee closely misses your crimson imp.
You are feeling hungry.
The killer bee stings your crimson imp!
Your crimson imp dies!
Casting: Call Imp
Confirm with . or Enter, or press ? or * to list all spells.
A beastly little devil appears in a puff of frigid air.
The killer bee buzzes angrily.
You now have 0/8 mp.
You swap places.
You swap places.
You swap places.
The killer bee stings your white imp!
Your white imp misses the killer bee.
The killer bee barely misses your white imp.
The killer bee stings your white imp.
Your white imp dies!
Unknown command.
You catch the helpless killer bee completely off-guard!
You hit the killer bee but do no damage.
The killer bee misses you. x2
You closely miss the killer bee.
Casting: Call Imp
Confirm with . or Enter, or press ? or * to list all spells.
A beastly little devil appears in a puff of flame.
You flicker for a moment.
The killer bee barely misses you. The killer bee completely misses you.
You now have 0/8 mp.
You miss the killer bee. The killer bee completely misses you.
The killer bee misses you.
Your crimson imp blinks!
You hit the killer bee.
The killer bee is lightly wounded.
The killer bee closely misses you. The killer bee misses you.
The killer bee closely misses you.
You completely miss the killer bee.
The killer bee is lightly wounded.
The killer bee closely misses you. The killer bee misses you.
You hit the killer bee.
The killer bee is moderately wounded.
The killer bee stings your crimson imp. The killer bee misses you.
The killer bee barely misses your crimson imp.
The killer bee barely misses you. The killer bee misses you.
You catch the helpless killer bee completely off-guard!
You hit the killer bee but do no damage.
The killer bee is moderately wounded.
You flicker back into view.
The killer bee closely misses you.
The killer bee barely misses your crimson imp.
The killer bee misses you.
You closely miss the killer bee.
The killer bee is moderately wounded.
The killer bee stings you!
* * * LOW HITPOINT WARNING * * *
The killer bee closely misses you.
Your crimson imp hits the killer bee.
You take 7 damage, and have 2/31 hp.
MASSIVE DAMAGE!!
The killer bee misses you.
Your crimson imp hits the killer bee but does no damage.
Casting: Call Imp
Confirm with . or Enter, or press ? or * to list all spells.
The killer bee closely misses you.
The killer bee stings you but does no damage.
You now have 0/8 mp.
You miss the killer bee. The killer bee closely misses you.
Your crimson imp misses the killer bee.
The killer bee closely misses you.
Your rat completely misses the killer bee.
You hit the killer bee.
The killer bee is lightly wounded.
The killer bee stings you.
You die...

#y# #.# #.# #.# #.# #>#
#######y#
#.######.......#
#..............#
#..#..........##
##.######r.#.###......##
#......@yy........#'####
#########5.#[####.#.#
#####......#.# #.#.#
#.........5#.####.#.#
#####......#......#(.
##.....##......##
#.....++......#
#.....##......#
#.....'.......#


You could see 2 killer bees, a friendly crimson imp and a friendly rat.

Vanquished Creatures
  2 adders (D:2)
  An ooze (D:2)
  A worm (D:2)
  3 dart slugs (D:2)
  2 leopard geckos
  A ball python (D:1)
  9 bats
  3 giant cockroaches
  8 goblins
  5 hobgoblins
  3 jackals (D:2)
  9 kobolds
  4 frilled lizards
  6 rats
57 creatures vanquished.

Vanquished Creatures (collateral kills)
  A killer bee (D:3)
1 creature vanquished.

Grand Total: 58 creatures vanquished

Notes
Turn   | Place    | Note
-------+----------+-------------------------------------------
     0 | D:1      | Monsterracer the Gargoyle Summoner began the quest for the Orb.
     0 | D:1      | Reached XP level 1. HP: 10/10 MP: 3/3
   100 | D:1      | Reached skill level 1 in Fighting
   265 | D:1      | Reached XP level 2. HP: 16/17 MP: 5/5
   525 | D:1      | Reached skill level 1 in Maces & Flails
   715 | D:1      | Reached XP level 3. HP: 21/21 MP: 6/6
   719 | D:1      | Learned a level 2 spell: Call Imp
  1992 | D:2      | Reached XP level 4. HP: 22/26 MP: 7/7
  2170 | D:2      | Found an iron altar of Okawaru.
  2219 | D:2      | Became a worshipper of Warmaster Okawaru
  2224 | D:2      | Learned a level 3 spell: Call Canine Familiar
  2596 | D:2      | HP: 13/27 [kobold (2)]
  3010 | D:3      | HP: 8/27 [killer bee (6)]
  3017 | D:3      | HP: 13/27 [killer bee (7)]
  3018 | D:3      | HP: 4/27 [killer bee (3)]
  3023 | D:3      | Reached XP level 5. HP: 5/31 MP: 2/8
  3064 | D:3      | HP: 2/31 [killer bee (7)]
  3069 | D:3      | Slain by a killer bee

Skill      XL: |  1  2  3  4 |
---------------+-------------+-----
Fighting       | 1 2 |  2.6
Maces & Flails | 1 2 3 |  3.3
Dodging        | |  1.5
Stealth        | |  2.1
Spellcasting   | |  2.0
Summonings     | |  3.7

Action                   |  1- 3 |  4- 6 || total
-------------------------+-------+-------++-------
Melee: Dagger            |    26 |       ||    26
       Unarmed           |     5 |       ||     5
       Whip              |   198 |    42 ||   240
       Mace              |       |    47 ||    47
 Cast: Call Imp          |       |     7 ||     7
       Summon Small Mamm |       |     1 ||     1
  Use: Potion            |       |     5 ||     5
 Stab: Sleeping          |     4 |     2 ||     6
       Invisible         |       |     2 ||     2
  Eat: Chunk             |     4 |     3 ||     7
Armor: Robe              |    91 |    47 ||   138
Dodge: Dodged            |   177 |    99 ||   276

Vault maps used:
D:1:      nzn_arrival_water_spiral, serial_forest, infiniplex_forest_lined_2,
          infiniplex_forest_clump_curved, infiniplex_forest_zigzag_1,
          infiniplex_forest_lined_3, infiniplex_forest_lined_3
D:2:      okawaru_gym_becter
D:3:      corexii_shack_village, first_ration, fedhas_altar_fruit_tree
